 Dungeon Crawl Stone Soup version 0.26-a0-800-g517d6fe721 (webtiles) character file.

Game seed: 1284051299241491589

125 lunkers the Digger (level 5, -2/31 HPs)
             Began as an Octopode Earth Elementalist on Nov 11, 2020.
             Killed from afar by Natasha (10 damage)
             ... with a magic dart
             ... on level 2 of the Dungeon.
             The game lasted 00:04:14 (1948 turns).

lunkers the Digger (Octopode Earth Elementalist)    Turns: 1948, Time: 00:04:14

Health: -2/31      AC:  1    Str:  7    XL:     5   Next: 9%
Magic:  3/9        EV: 28    Int: 18    God:
Gold:   120        SH:  4    Dex: 13    Spells: 4/10 levels left

rFire    . . .     SeeInvis .   (no weapon)
rCold    . . .     Faith    .   f - +0 buckler (curse)
rNeg     . . .     Spirit   .   (helmet restricted)
rPois    .         Reflect  .   j - amulet of the acrobat
rElec    .         Harm     .   (no ring)
rCorr    .         Rampage  .   (no ring)
MR       .....                  (no ring)
Stlth    +++.......             (no ring)
HPRegen  0.10/turn              (no ring)
MPRegen  0.11/turn              (no ring)
                                (no ring)
                                (no ring)

@: acrobat, slowed, very slow
A: almost no armour, stealthy swim, amphibious, 8 rings, constrict 8, camouflage
1, gelatinous body 1
a: no special abilities


You were on level 2 of the Dungeon.
You visited 1 branch of the dungeon, and saw 3 of its levels.

You collected 120 gold pieces.

Inventory:

Armour
 f - a cursed +0 buckler (worn)
Jewellery
 j - an amulet of the acrobat (around mantle)
Scrolls
 a - 2 scrolls of teleportation {unknown}
 c - 4 scrolls of identify {unknown}
 d - a scroll of amnesia {unknown}
 h - a scroll of remove curse {unknown}
Potions
 e - a potion of might
 g - a potion of curing {unknown}
 i - a potion of lignification {unknown}


   Skills:
 - Level 2.0 Dodging
 - Level 2.6 Stealth
 + Level 1.0 Shields
 + Level 3.0 Spellcasting
 - Level 1.0 Transmutations
 * Level 4.8 Earth Magic


You had 4 spell levels left.
You knew the following spells:

 Your Spells              Type           Power        Failure   Level
a - Stone Arrow           Conj/Erth      ##....       26%         3
b - Passwall              Tmut/Erth      ##......     11%         2
c - Sandblast             Erth           ###...       3%          1

Your spell library contained the following spells:

 Spells                   Type           Power        Failure   Level
 Petrify                  Tmut/Erth      ##......     58%         4
 Lee's Rapid Deconstruct  Erth           ###.......   67%         5


Dungeon Overview and Level Annotations

Branches:
Dungeon (3/15)

Altars:
Fedhas
Hepliaklqana

Annotations:
D:2 Natasha


Innate Abilities, Weirdness & Mutations

You cannot wear most types of armour.
You are very stealthy in the water. (Stealth+)
You are amphibious.
You can wear up to eight rings at the same time.
You can use your tentacles to constrict eight enemies at once.
Your skin changes colour to match your surroundings (Stealth+).
Your rubbery body absorbs attacks. (AC +1, EV +1)


Message History

Casting: Stone Arrow (extremely dangerous; 28% risk of failure)
Confirm with . or Enter, or press ? or * to list all spells.
The spell is extremely dangerous to cast (28% risk of failure)!
Continue anyway?
Aiming: Stone Arrow (extremely dangerous; 28% risk of failure)
Press: ? - help, Shift-Dir - straight line, f/p - Natasha
Aim: Natasha (severely wounded, strong)
The stone arrow hits Natasha!
You kill Natasha!
Natasha yowls pathetically as she dies!
Your Shields skill increases to level 1!
Your Spellcasting skill increases to level 3!
You have reached level 5!
You feel agile.
* * * LOW MAGIC WARNING * * *
There is a stone staircase leading down here.
You start resting.
Natasha, Servant of Life and Death comes into view.
Natasha stares at you and mumbles some strange words.
The magic dart hits you!
You die...

#..........# #.........
########..........# #........<
#......#..........# ##.###....
#......#..........# #.^....##
#......##........## ##...#...#
#......##.........#####...##.#.#
#......#............##....##.#.#
#......#.(........#.#....#......
#......#......>@..#......#......
#......#..............##........
#......>............#...........
#######...........#####..#......
##........#####....###....
#....)#.#####...#...#....
##h..##..................
######.#.........(#.###.#....
##...#............##.# #.##...


You could see Natasha.

Vanquished Creatures
  Natasha (twice) (D:2)
  An adder (D:2)
  A worm (D:2)
  2 dart slugs (D:1)
  A leopard gecko (D:2)
  A ball python (D:2)
  4 bats
  A giant cockroach (D:2)
  8 goblins
  14 hobgoblins
  2 jackals (D:1)
  4 kobolds
  4 frilled lizards
  13 rats
58 creatures vanquished.

Notes
Turn   | Place    | Note
-------+----------+-------------------------------------------
     0 | D:1      | lunkers the Octopode Earth Elementalist began the quest for
                  | the Orb.
     0 | D:1      | Reached XP level 1. HP: 11/11 MP: 3/3
   160 | D:1      | Reached XP level 2. HP: 16/17 MP: 3/5
   808 | D:1      | Reached XP level 3. HP: 21/21 MP: 4/6
  1073 | D:2      | Reached skill level 4 in Earth Magic
  1077 | D:2      | Found a hazy altar of Hepliaklqana.
  1342 | D:2      | Found a blossoming altar of Fedhas.
  1398 | D:2      | Reached XP level 4. HP: 27/27 MP: 4/8
  1794 | D:2      | Learned a level 2 spell: Passwall
  1798 | D:2      | Learned a level 3 spell: Stone Arrow
  1889 | D:3      | Noticed Natasha
  1909 | D:2      | Killed Natasha
  1915 | D:2      | Noticed Natasha
  1926 | D:2      | Killed Natasha
  1926 | D:2      | Reached skill level 1 in Shields
  1926 | D:2      | Reached XP level 5. HP: 4/31 MP: 0/9
  1947 | D:2      | Noticed Natasha
  1948 | D:2      | Killed from afar by Natasha

Illustrated notes

Levels and vault maps discovered:
D:1:      minmay_arrival_plants_in_alcoves, layout_rooms
D:2:      layout_rooms, lemuel_doored_altar, lemuel_tele_altar
D:3:      layout_basic, moated_statue, hex_large, minmay_shallow_snake_nest,
          uniq_robin, uniq_crazy_yiuf_cottage, uniq_natasha

Skill      XL: |  1  2  3  4 |
---------------+-------------+-----
Earth Magic    | 4 |  4.8
Shields        | 1 |  1.0
Spellcasting   | 3 |  3.0
Dodging        | |  2.0
Stealth        | |  2.6
Transmutations | |  1.0

Action                   |  1- 3 |  4- 6 || total
-------------------------+-------+-------++-------
Melee: Unarmed           |     8 |    13 ||    21
       Constrict         |     3 |     3 ||     6
       Tentacles         |       |     3 ||     3
Throw: Stone             |     3 |       ||     3
 Cast: Sandblast         |    55 |    18 ||    73
       Stone Arrow       |       |     2 ||     2
Armor: Skin              |     7 |       ||     7
Dodge: Dodged            |    31 |    10 ||    41
Block: Buckler           |       |     1 ||     1

Table legend: (Time is in decaauts)
 A = Elapsed time spent in this place.
 B = Non-inter-level travel time spent in this place.
 C = Inter-level travel time spent in this place.
 D = Time resting spent in this place.
 E = Time spent auto-exploring this place.
 F = Levels seen in this place.
 G = Mean time per level.
                   A        B        C        D        E       F      G
               +--------+--------+--------+--------+--------+-----+--------+
         Total |   1971 |   1918 |     53 |    160 |   1310 |   3 |  657.0 |
       Dungeon |   1971 |   1918 |     53 |    160 |   1310 |   3 |  657.0 |
               +--------+--------+--------+--------+--------+-----+--------+

Top non-repeatable levels by time:
     D:1: 1157 daAuts
     D:2: 735 daAuts
     D:3: 78 daAuts
